[Event "SixDays Budapest March IM A 2025"]
[Site "Budapest"]
[Date "2025.03.24"]
[Round "1.1"]
[White "Karacsonyi, Bank"]
[Black "Ilincic, Zlatko"]
[Result "0-1"]
[Annotator "TA"]
[ECO "B54"]
[WhiteElo "2162"]
[BlackElo "2251"]
[PlyCount "70"]
[EventDate "2025.03.23"]
[EventCountry "HUN"]
[SourceTitle "playchess.com"]
[Source "ChessBase"]
[SourceQuality "1"]
[TimeControl "5400+30"]

1. e4 c5 2. Nf3 d6 3. d4 cxd4 4. Nxd4 a6 5. Nc3 e6 6. Be2 b5 7. a3 Bb7 8. O-O Nd7 9. Be3 Ngf6 10. f3 {[%emt 0:01:21] B84: Sicilian Scheveningen: 6 Be2 a6, lines without early Be3.} h5 11. Qe1 Be7 12. Qg3 $146 {[%emt 0:07:46] The position is equal.} ({Predecessor:} 12. a4 b4 13. Na2 a5 14. c3 bxc3 15. Nxc3 O-O 16. Qg3 {½-½ Saric,I (2692)-Wojtaszek,R (2749) Bundesliga 1819 2018 (10.1)}) 12... Kf8 (12... O-O $11) 13. Rad1 (13. Bg5 $16) 13... Rc8 14. Bd3 h4 15. Qf2 g6 16. Qd2 Kg7 17. b4 (17. h3 $11) 17... Qc7 ({Better is} 17... Ne5 $17 18. Nce2 d5) 18. Nce2 (18. Nde2 $15) 18... e5 $17 19. Nb3 d5 20. exd5 Bxd5 (20... Nxd5 21. Bf2 $17) (20... h3 {looks sharper.} 21. g4 Nb6 22. Nc5 Nfxd5 23. Nxb7 Qxb7 24. Be4 Rhd8) 21. Nec1 (21. h3 $15) 21... Qc3 {[%emt 0:15:50] Black is more active.} (21... Be6 $17 {Threatens to win with ...Nd5.} 22. Ne2 h3) 22. Qxc3 $15 Rxc3 23. Ne2 Rc7 24. Rc1 (24. h3 $15) 24... Rhc8 25. Na5 Be6 26. Bf2 g5 (26... h3 $17 27. gxh3 Bxh3) 27. Rfd1 h3 28. Rd2 (28. gxh3 $1 $11 Kf8 (28... Bxh3 29. c4 $11) 29. c3) 28... hxg2 $17 29. Kxg2 {[%emt 0:00:02] [#]} (29. Ng3 $17) 29... g4 $1 $19 30. fxg4 (30. Ng3 {might work better.}) 30... Nxg4 31. h3 (31. Ng3 $142) 31... Bg5 32. hxg4 Bxd2 33. Rd1 Bg5 34. Kg3 $2 {[%emt 0:00:46] [#]} (34. Ng3) 34... Nf6 35. Bc5 e4 {[%emt 0:00:14] Weighted Error Value: White=0.53/Black=0.26 (precise)   Mistake:       	White=10    	Black=4      Inaccurate:     	White=2     	Black=4      OK:         	White=6     	Black=8      Best:        	---       	Black=1} 0-1

[Event "SixDays Budapest March IM A 2025"]
[Site "Budapest"]
[Date "2025.03.24"]
[Round "1.2"]
[White "Heimisson, Hilmir Freyr"]
[Black "Mrithyunjay Mahadevan"]
[Result "1-0"]
[Annotator "TA"]
[ECO "A05"]
[WhiteElo "2388"]
[BlackElo "2295"]
[PlyCount "83"]
[EventDate "2025.03.23"]
[EventCountry "HUN"]
[SourceTitle "playchess.com"]
[Source "ChessBase"]
[SourceQuality "1"]
[TimeControl "5400+30"]

1. Nf3 Nf6 2. g3 c5 3. Bg2 g6 4. b3 Bg7 5. Bb2 Nc6 6. c4 O-O 7. O-O d6 8. d4 cxd4 9. Nxd4 Bd7 10. Nc3 Nxd4 11. Qxd4 Bc6 12. Nd5 Ne8 13. Qd2 e6 {[%emt 0:00:18] E60: King's Indian: Unusual lines and Fianchetto Variation without Nc3.} 14. Bxg7 Nxg7 15. Ne3 {[%emt 0:00:16] White is more active.} ({White should play} 15. Nc3 $14) 15... Qc7 $146 {[%emt 0:02:09] The position is equal.} ({Predecessor:} 15... Bxg2 16. Kxg2 Qc7 17. Rfd1 Rfd8 18. Rac1 a5 19. h4 a4 20. b4 Qc6+ 21. f3 h5 {½-½ Jovic,S (2097)-Romero Ruscalleda,J (2160) Titled Tuesday intern op 28th Nov Late blitz 2023 (7)}) 16. Rfd1 {[%emt 0:02:17] Bxc6 is in the air} Rfd8 17. Ng4 Ne8 {[%emt 0:00:36] Dodges Nf6+} 18. Qg5 Bxg2 19. Kxg2 Qc5 20. h4 (20. Qe3 Qxe3 21. Nxe3 Kf8 22. f3) 20... h5 {[%emt 0:05:32] [#] Threatens to win with ...Qxg5.} 21. Ne3 Rdc8 22. Qf4 (22. Qxc5 {simplifies} dxc5 23. Rd7 Rab8 24. Rad1) 22... a5 23. g4 Ra6 24. Rd3 b5 25. gxh5 Qxh5 26. cxb5 Qxb5 27. Ng4 Rc7 {[%emt 0:01:25] [#]} (27... Qb4 $11 {keeps the balance.} 28. Nf6+ Nxf6 29. Qxf6 Rc5) 28. Rg1 (28. h5 $1 $16 gxh5 29. Nf6+ Kf8 (29... Nxf6 $2 30. Qxf6 a4 31. Qd8+ Kh7 32. Qxc7 $18) 30. Rg3) 28... Qb4 29. Qg3 (29. Nf6+ $11 Nxf6 30. Qxf6) 29... Ng7 $2 {[%emt 0:01:15][%mdl 8192] Black cannot hold the game after this.} (29... Rac6 $15 {keeps the upper hand.}) 30. Nf6+ $18 Kf8 31. Qg5 Nf5 {[%emt 0:03:05] Repels Qh6+} 32. e4 Qb7 33. Kh2 Rc5 (33... Rc2 34. Rf3 (34. exf5 Rxf2+ 35. Kg3 Rxf5 $18) 34... a4) 34. exf5 Rxf5 35. Qh6+ Ke7 36. Ng8+ Kd7 37. Qf8 {[%emt 0:01:13] aiming for Qe7+. Prevents Ra8} Rxf2+ 38. Kg3 Rf5 (38... Rc2 $18 39. Qxf7+ Kc8 40. Qxe6+ Kb8) 39. Qe7+ (39. Rc1 $142 Qc6 40. Qe7+ (40. Rxc6 Rxc6 41. Ne7 Rfc5 $18) 40... Kc8 41. Qxd6 (41. Rxc6+ Rxc6 42. Qe8+ Kb7 $18) (41. Rxd6 Rf3+ 42. Kg2 Rc3+ 43. Rxc6+ Raxc6 $18) 41... Rf3+ 42. Rxf3 Qxc1 43. Qxa6+ Kd8 44. Rd3+ (44. Rxf7 Qe3+ 45. Rf3 Qg1+ 46. Kf4 Qh2+ 47. Ke4 Qh1 $18) 44... Kc7 45. Qa7+ (45. Qxa5+ Kb7 46. Qb5+ Ka8 47. Rd8+ Ka7 48. Rd7+ Qc7+ 49. Rxc7+ Ka8 50. Qe8#) 45... Kc6 46. Ne7+ (46. Qxa5 Qg1+ 47. Kf4 Qf1+ 48. Ke3 Qc1+ 49. Ke2 Qc2+ 50. Qd2 Qxd2+ 51. Kxd2 Kc5 $18) 46... Kb5 47. Qb8+ Kc5 48. Qd6+ Kb5 49. a4#) 39... Kc8 {[%emt 0:00:05] White is clearly winning.} 40. Rc1+ (40. Rxd6 $2 Qf3+ 41. Kh2 Qf4+ 42. Rg3 Rxd6 $19) 40... Kb8 41. Qd8+ (41. Rxd6 {leads to mate.} Qf3+ 42. Kh2 Qf4+ 43. Kg2 Qe4+ (43... Rxd6 44. Qc7+ Ka8 45. Qc8+ Ka7 46. Rc7+ Kb6 47. Qb7#) 44. Kg1 Qe3+ 45. Kh1 Qxc1+) 41... Ka7 42. Rc7 {[%emt 0:00:06] Weighted Error Value: White=0.45/Black=0.78  Loses game:     	---       	Black=1      Mistake:       	White=4     	Black=3      Inaccurate:     	White=5     	Black=4      OK:         	White=8     	Black=3      Best:        	White=2     	Black=2} (42. Rxd6 $2 Rxd6 (42... Qf3+ $2 43. Kh2 $19) 43. Qc7 (43. Qxd6 $2 {is the wrong capture.} Qf3+ 44. Kh2 Qe2+ 45. Kh3 Rf3+ $19) 43... Rd3+ 44. Kg4 Rd4+ 45. Kg3 Rf3+ 46. Kh2 Rxh4+ 47. Kg2 Rxb3+ 48. Qxb7+ Rxb7 $19) 1-0

[Event "SixDays Budapest March IM A 2025"]
[Site "Budapest"]
[Date "2025.03.24"]
[Round "1.3"]
[White "Li, Yilin"]
[Black "Kustar, Sandor"]
[Result "0-1"]
[Annotator "TA"]
[ECO "C01"]
[WhiteElo "1904"]
[BlackElo "2231"]
[PlyCount "104"]
[EventDate "2025.03.23"]
[EventCountry "HUN"]
[SourceTitle "playchess.com"]
[Source "ChessBase"]
[SourceQuality "1"]
[TimeControl "5400+30"]

1. e4 e6 2. d4 d5 3. exd5 exd5 4. Bd3 Bd6 5. Nf3 Nc6 6. c3 Nge7 7. Qc2 Bg4 8. Nbd2 Qd7 9. O-O {[%emt 0:04:42] 9.h3 deserves study.} h6 {[%emt 0:09:53] C01: French: Exchange Variation.} 10. Re1 O-O 11. b4 a6 {[%emt 0:04:54][%cal Oe7g6] The position is equal.} 12. Ne5 Bxe5 13. dxe5 Rad8 $146 (13... d4 $11) (13... Bf5 14. Nf3 Rfe8 15. Bf4 Nd8 16. Rad1 Bxd3 17. Rxd3 Qf5 18. Bc1 Nec6 19. Qd2 Nxe5 20. Rxe5 Rxe5 21. Nxe5 Qxe5 22. Rxd5 {½-½ Liu,Y (2337)-Yurtseven,M (2404) Marianske Lazne GM-A1 17th 2018 (5)}) 14. a3 ({Better is} 14. Nb3 $14) 14... d4 15. Ne4 (15. Nb3 dxc3 16. Nc5 Qd5 17. Bf1) 15... b6 {[%emt 0:11:25] [#] Wards off Nc5} (15... dxc3 {keeps more tension.} 16. Nc5 Qd5 17. Bf1 Bf5) 16. Bxh6 $1 Nxe5 17. Bf4 Nxd3 18. Qxd3 Bf5 19. cxd4 Qxd4 20. Qxd4 Rxd4 21. Ng3 Rxf4 22. Rxe7 Rc8 23. Rc1 c5 24. bxc5 Be6 25. c6 Rc4 $1 26. Rxc4 Bxc4 $11 {[%emt 0:00:02][%mdl 4096] Endgame KRB-KRN. White is a pawn up.} 27. Re3 ({Wrong is} 27. c7 $2 Be6 28. h3 Kf8 $19) 27... Rxc6 28. h4 b5 29. Nf5 {[%emt 0:00:59] And now Ne7+ would win.} Kf8 30. h5 (30. Nd4 $11 Rc5 31. Kh2) 30... a5 (30... Rc5 $17 31. g4 Rd5 (31... Be6 32. Rd3 $17)) 31. Rg3 {[%emt 0:00:35] [#]} (31. Re1 $15) 31... b4 $1 $19 32. axb4 axb4 33. Nd4 Rd6 34. Nb3 Rd1+ 35. Kh2 Rd3 36. Rxd3 Bxd3 $17 {[%emt 0:00:05] KB-KN} 37. Nc5 $2 {[%emt 0:01:33] This move loses the game for White.} (37. Kg3 $17) 37... Bc2 $19 {[%emt 0:00:35] White must now prevent ...Ke7.} 38. Nd7+ (38. Kg3 $142 Ke7 39. Kf3) 38... Ke7 39. Ne5 Kd6 {[%emt 0:00:51] Inhibits Nc6.} 40. Nc4+ Kc5 41. Nb2 Kd4 {[%emt 0:00:19] Black mates.} 42. g4 Kc3 43. f4 Kxb2 {[%emt 0:00:29] KB-K3P} 44. f5 Kc3 45. Kg3 b3 46. Kf4 b2 47. g5 b1=Q 48. h6 gxh6 49. gxh6 Qc1+ 50. Ke5 Qxh6 51. Kd5 Qf6 52. Kc5 Qxf5+ {[%emt 0:00:04] Weighted Error Value: White=0.46/Black=0.06 (flawless)   Loses game:     	White=1     	---        Mistake:       	White=4     	Black=2      Inaccurate:     	White=3     	---        OK:         	White=12    	Black=8      Best:        	---       	Black=5      Strong:       	---       	Black=2} 0-1

[Event "SixDays Budapest March IM A 2025"]
[Site "Budapest"]
[Date "2025.03.24"]
[Round "1.4"]
[White "Singh, Siddharth"]
[Black "Cu, Ivan Travis"]
[Result "1-0"]
[Annotator "TA"]
[ECO "B12"]
[WhiteElo "2239"]
[BlackElo "2286"]
[PlyCount "75"]
[EventDate "2025.03.23"]
[EventCountry "HUN"]
[SourceTitle "playchess.com"]
[Source "ChessBase"]
[SourceQuality "1"]
[TimeControl "5400+30"]

1. e4 c6 2. d4 d5 3. e5 Bf5 4. Nf3 e6 5. Be2 Nd7 6. c3 {[%emt 0:00:11] B12: Caro-Kann: Advance Variation.} a5 {[%emt 0:02:06][%cal Ba7a5,Ba5a4][%mdl 32] now scores much better than the old 6...Ne7.} 7. O-O a4 8. Nbd2 {[%emt 0:03:03][%cal Bb1d2,Bd2f3,Bf3e1,Be1d3][%mdl 32] White is slightly better.} h6 9. Ne1 c5 $146 ({Predecessor:} 9... Ne7 10. Bd3 c5 11. Ndf3 Qc7 12. Nh4 Bxd3 13. Nxd3 c4 14. Nb4 Nc6 15. a3 b5 {1-0 Nepomniachtchi,I (2754)-Duda,J (2739) Chessable Masters Winners rapid 2025 (1.1)}) 10. Nc2 Ne7 11. Nf3 Nc6 12. dxc5 (12. Nfe1 $11) 12... Bxc5 (12... Ndxe5 $6 13. Nxe5 Bxc2 14. Qxc2 $16) 13. Ncd4 Bg4 14. Bf4 Qb6 15. Nxc6 bxc6 16. Ne1 Bf5 17. Bd3 {[%emt 0:02:19] Black has space advantage and is better} Qxb2 (17... Bxd3 $11 {keeps the balance.} 18. Nxd3 O-O) 18. Bxf5 $16 {[%emt 0:04:32] White sacrificed a pawn} exf5 19. Nd3 Qb6 20. e6 (20. Rb1 {simplifies} Qa7 21. e6 Nf6 22. exf7+ Kxf7 23. Ne5+) 20... fxe6 (20... Nf6 $16 {keeps fighting.}) 21. Qh5+ $18 Kd8 22. Rab1 Qa7 23. Qf7 Re8 24. Qxg7 Bf8 25. Qg6 Qa6 26. Rfd1 (26. Ne5 $18 {Hoping for Nf7+.} Nxe5 27. Qf6+ (27. Bxe5 c5 $16) 27... Kd7 28. Bxe5 (28. Qxe5 Ra7 $16)) 26... c5 $16 27. Ne5 $40 {[%emt 0:03:27][%mdl 128] Black is in trouble.} (27. Bxh6 Bxh6 28. Qxh6 e5) 27... Nxe5 28. Bxe5 Kd7 $2 {[%emt 0:01:19][%mdl 8192] [#] Black cannot hold the game after this.} (28... Bd6 $16 {is a better chance.} 29. Bxd6 Qxd6) 29. c4 $1 $18 {[%emt 0:00:20][%mdl 512] White is clearly winning.} d4 30. Rb5 Ra7 (30... Bd6 $142 31. Bxd6 Qxd6 32. Rb7+ (32. Qxh6 Reb8 $11) 32... Kd8 (32... Kc6 33. Rdb1 Qd8 34. Qxe8+ Kd6 35. R7b6+)) 31. Rdb1 Bd6 32. Bxd6 Qxd6 33. Qf7+ (33. Qxh6 Rc7 34. Qh7+ Qe7 $16) 33... Qe7 34. Rb7+ Rxb7 35. Rxb7+ Kd6 36. Rxe7 Rxe7 37. Qf8 d3 38. Kf1 {[%emt 0:00:23] Weighted Error Value: White=0.33/Black=0.45  Loses game:     	---       	Black=1      Mistake:       	White=2     	Black=3      Inaccurate:     	White=6     	Black=1      OK:         	White=11    	Black=10     Best:        	White=1     	Black=5      Brilliant:      	White=1     	---} 1-0

[Event "SixDays Budapest March IM A 2025"]
[Site "Budapest"]
[Date "2025.03.24"]
[Round "1.5"]
[White "Md Imran"]
[Black "Nakahara, Kan"]
[Result "1-0"]
[Annotator "TA"]
[ECO "E06"]
[WhiteElo "2421"]
[BlackElo "2113"]
[PlyCount "149"]
[EventDate "2025.03.23"]
[EventCountry "HUN"]
[SourceTitle "playchess.com"]
[Source "ChessBase"]
[SourceQuality "1"]
[TimeControl "5400+30"]

1. d4 Nf6 2. c4 e6 3. g3 d5 4. Bg2 Be7 5. Nf3 O-O 6. O-O dxc4 7. Na3 Bd7 8. Nxc4 Bc6 9. Bf4 {[%emt 0:00:05] E05: Open Catalan: 5 Nf3 Be7.} Nbd7 10. Rc1 Rc8 11. Na5 {[%emt 0:05:53] White is slightly better.} Bd5 12. Ne1 $146 {[%emt 0:00:02] White is more active.} ({Predecessor:} 12. Nd2 Bxg2 13. Kxg2 Nb8 14. Ndb3 b6 15. Nc4 Qd5+ 16. f3 Rfd8 17. e4 Qb7 18. Qe2 {0-1 Selbes,T (2257)-Skawinski,A (2340) Krakow op-A 27th 2016 (9)}) 12... c5 13. Nxb7 Qb6 14. Nxc5 Nxc5 15. dxc5 {[%emt 0:00:03] NOTEXT-51077 White (c5)} Qxb2 16. Nd3 Qxa2 17. Ra1 Qc4 18. Qa4 Qxa4 19. Rxa4 Bxg2 20. Kxg2 Nd5 $1 (20... Bxc5 $2 21. Nxc5 Rxc5 22. Bd6 $18 (22. Rxa7 Rc2 $11)) 21. Be5 Rfd8 22. Rc1 f6 23. Bb2 Rc7 24. Kf3 (24. e4 Ne3+ 25. fxe3 Rxd3 $17) 24... Bf8 $1 25. Ba3 Rb8 26. Ra6 Rb3 27. Rc4 e5 28. Ke4 (28. Kg2 $14) 28... Nc3+ $15 29. Ke3 e4 30. Rxe4 Nxe4 31. Kxe4 Rb8 (31... Rc3 $17) 32. Kd5 Rd8+ 33. Kc4 Re7 34. e3 Re4+ 35. Kc3 Rd7 (35... Re7 $11) 36. c6 $14 Rc7 37. Bxf8 Kxf8 {[%mdl 4096] Endgame KRR-KRN} 38. Nb4 Ke8 39. Nd5 Rc8 40. Kd3 (40. Rxa7 Rxc6+ 41. Kd3 Re5 $15) ({White should play} 40. h3 $14) 40... Re6 $11 41. Rxa7 Rexc6 42. Rxg7 Rd6 (42... Rd8 $11 43. Rg8+ Kd7 44. Rxd8+ Kxd8) 43. e4 $1 $14 f5 44. Rxh7 fxe4+ 45. Kxe4 Rc2 (45... Rc5 $16) 46. Ke5 $18 Rdc6 {[%emt 0:00:22] [#]} 47. Nf6+ $1 Kf8 {[%emt 0:00:13] [#]} 48. Ne4 Ra6 49. Rd7 Re2 50. Rd2 (50. h4 $18) 50... Ra5+ 51. Kf4 Re1 52. f3 Ra3 53. h4 Rf1 54. Rf2 Rh1 55. Kg4 (55. Rb2 $18) 55... Ra4 (55... Rb1 $16 56. Ng5 Rb4+ 57. f4 Rbb3) 56. Rb2 Kf7 (56... Rc1 57. Rb5 Rc3) 57. Rb7+ Ke6 58. Rb5 Rf1 (58... Ra8 {keeps fighting.} 59. Rb7 Kd5) 59. h5 Kf7 60. Rf5+ Kg7 61. Kg5 Ra6 62. g4 Rb6 63. Nf6 {[%emt 0:00:05] h6+ is the strong threat.} Rd1 $2 (63... Rh1 64. Ne8+ Kh8 65. Rf8+ Kh7 66. Rf7+ Kg8) 64. h6+ Kh8 65. Re5 Rd8 66. Re7 Rxf6 67. Kxf6 {[%emt 0:00:02] g5 would kill now. KR-KR. White is 3 pawns up.} Rd6+ 68. Re6 {[%emt 0:00:05] White mates.} Rd8 69. f4 Rf8+ 70. Kg5 Rg8+ 71. Kh5 Rf8 72. f5 Rf7 73. f6 Rf8 74. g5 Ra8 75. f7 {[%emt 0:00:04] Weighted Error Value: White=0.12 (very precise) /Black=0.18 (very precise)   Mistake:       	White=4     	Black=8      Inaccurate:     	White=4     	Black=3      OK:         	White=22    	Black=16     Best:        	White=7     	Black=5      Strong:       	White=2     	Black=2} 1-0